 Dungeon Crawl Stone Soup version 0.27-a0-1228-gfd60fd639a (webtiles) character file.

Game seed: 3341043927599606299

13855 Vomitron the Fighter (level 11, -7/97 HPs)
             Began as a White Draconian Venom Mage on June 7, 2021.
             Was an Elder of Dithmenos.
             Mangled by a cane toad (9 damage)
             ... on level 10 of the Dungeon.
             The game lasted 00:31:20 (14585 turns).

Vomitron the Fighter (White Draconian Venom Mage)  Turns: 14585, Time: 00:31:20

Health: -7/97      AC: 10    Str: 10    XL:     11   Next: 81%
Magic:  6/23       EV: 13    Int: 18    God:    Dithmenos [****..]
Gold:   498        SH:  0    Dex: 13    Spells: 8/26 levels left

rFire    . . .     SeeInvis .   c - +1 short sword (venom)
rCold    + . .     Faith    .   (no shield)
rNeg     . . .     Spirit   .   (armour unavailable)
rPois    .         Reflect  .   (helmet restricted)
rElec    .         Harm     .   r - +2 cloak
rCorr    .         Rampage  .   (no gloves)
Will     .....                  (no boots)
Stlth    +++++.....             (no amulet)
HPRegen  0.26/turn              (no ring)
MPRegen  0.18/turn              (no ring)

@: lethally poisoned (-7 -> -45), attractive, wreathed by umbra
A: breathe frost, AC +7, unfitting armour, cold resistance 1, cold-blooded
a: Breathe Frost, Renounce Religion, Shadow Step


You were on level 10 of the Dungeon.
You worshipped Dithmenos.
Dithmenos was greatly pleased with you.
You visited 3 branches of the dungeon, and saw 12 of its levels.

You collected 700 gold pieces.
You spent 202 gold pieces at shops.

Inventory:

Hand Weapons
 c - a +1 short sword of venom (weapon)
 g - a +2 rapier of holy wrath
 y - a +3 rapier of freezing
Missiles
 s - 4 boomerangs of dispersal
 E - 2 curare-tipped darts
Armour
 m - a scarf of shadows
 r - a +2 cloak (worn)
Magical Staves
 b - a staff of cold
Jewellery
 o - an amulet of guardian spirit
 I - a ring of resist corrosion
Wands
 k - a wand of acid (18)
 x - a wand of charming (9)
 C - a wand of mindburst (14)
 H - a wand of polymorph (7)
Scrolls
 a - 3 scrolls of teleportation
 d - a scroll of holy word {unknown}
 e - 4 scrolls of noise
 f - 2 scrolls of enchant weapon
 h - a scroll of immolation
 i - 4 scrolls of enchant armour
 u - 5 scrolls of identify
 B - a scroll of fog {unknown}
 G - 2 scrolls of magic mapping {unknown}
 J - a scroll of amnesia {unknown}
Potions
 j - 2 potions of lignification {unknown}
 l - a potion of cancellation
 n - a potion of flight
 p - a potion of brilliance {unknown}
 q - 2 potions of might
 t - 5 potions of curing {unknown}
 v - 11 potions of ambrosia
 w - a potion of magic {unknown}
 z - 3 potions of attraction
 D - a potion of berserk rage {unknown}
 F - a potion of haste {unknown}


   Skills:
 + Level 9.5 Fighting
 - Level 5.0 Dodging
 + Level 8.1 Stealth
 + Level 8.4 Spellcasting
 + Level 7.2 Summonings
 - Level 1.0 Transmutations
 + Level 7.2 Ice Magic
 - Level 1.0 Air Magic
 - Level 7.0 Poison Magic


You had 8 spell levels left.
You knew the following spells:

 Your Spells              Type           Power      Damage    Failure   Level
a - Sting                 Tmut/Pois      84%        1d7       1%          1
b - Poisonous Vapours     Pois/Air       42%        N/A       2%          2
c - Olgreb's Toxic Radia  Pois           32%        N/A       5%          4
d - Call Canine Familiar  Summ           33%        N/A       1%          3
e - Summon Ice Beast      Ice/Summ       33%        N/A       4%          4
f - Summon Lightning Spi  Summ/Air       22%        N/A       17%         4

Your spell library contained the following spells:

 Spells                   Type           Power      Damage    Failure   Level
 Freeze                   Ice            100%       1d11      1%          1
 Summon Small Mammal      Summ           100%       N/A       1%          1
 Call Imp                 Summ           33%        N/A       1%          2
 Ensorcelled Hibernation  Hex/Ice        40%        N/A       3%          2
 Summon Guardian Golem    Hex/Summ       20%        N/A       6%          3
 Corona                   Hex            7%         N/A       10%         1
 Ignite Poison            Fire/Tmut/Pois 17%        N/A       10%         3
 Mephitic Cloud           Conj/Pois/Air  17%        N/A       10%         3
 Hailstorm                Conj/Ice       20%        3d6       22%         4
 Confusing Touch          Hex            7%         N/A       28%         3
 Dazzling Flash           Conj/Hex       14%        N/A       28%         3
 Tukima's Dance           Hex            7%         N/A       28%         3
 Metabolic Englaciation   Hex/Ice        10%        N/A       52%         5


Dungeon Overview and Level Annotations

Branches:
Dungeon (10/15)            Temple (1/1) D:6            Lair (1/6) D:10
    Orc (0/2) D:10

Altars:
Ashenzari
Cheibriados
Dithmenos
Elyvilon
Fedhas
Gozag
Hepliaklqana
Kikubaaqudgha
Makhleb
Nemelex Xobeh
Okawaru
Qazlal
Ru
Sif Muna
Uskayaw
Vehumet
Wu Jian
Xom
Yredelemnul
Zin
The Shining One
Jiyva

Shops:
D:6 [

Annotations:
D:5 1 runed translucent door, DemonSlayer's ghost, novice HuBe


Innate Abilities, Weirdness & Mutations

You can breathe waves of freezing cold which knock back foes.
Your icy white scales are hard. (AC +7)
You cannot fit into any form of body armour.
Your flesh is cold resistant. (rC+)
You are cold-blooded and may be slowed by cold attacks.


Message History

Your ice beast freezes the cane toad!
Your ice beast barely misses the cane toad.
You climb upwards.
Welcome back to the Dungeon!
Your summoned ally is left behind.
You feel very sick.
There is a staircase to the Lair here.
Unknown command.
Unknown command.
The ice encasing you melts away.
You feel very sick.
The cane toad stings you but does no damage.
The cane toad stings you! The cane toad stings you.
You are more poisoned.
The cane toad poisons you!
You feel very sick. The cane toad stings you!
* * * LOW HITPOINT WARNING * * *
You are lethally poisoned!
The cane toad poisons you! The cane toad stings you.
* * * LOW HITPOINT WARNING * * *
You are more poisoned.
The cane toad poisons you!
There is an open door, spattered with blood here.
Things that are here:
a +0 chain mail; a +0 hand axe; an orc corpse It was a potion of attraction.
You feel attractive to monsters.
* * * LOW HITPOINT WARNING * * *
You feel extremely sick. The cane toad barely misses you.
The cane toad misses you.
Unknown command.
Okay, then.
As you read the scroll labelled XESIATWO TESI, it crumbles to dust.
It is a scroll of brand weapon.
Your +3 rapier is covered with a thin layer of ice!
y - a +3 rapier of freezing
* * * LOW HITPOINT WARNING * * *
You feel extremely sick. The cane toad stings you!
You die...

..........#............#.........
..........#......P.....#.........
................P.P.####.........
....#####....P.........#.....#...
#####.......P....PP....#.....#...
....#....P...P.P.P.....'.....#...
....#...P.P.P####.P.P..#.....#...
....#....P...#>F#P.....#.....#.(.
'######'..P..#.F@....P.#.....#...
........PP.P.####..P...#.†...#...
..........P.P.....P....#†.)..#...
...........P...........#...######
...........P.PP..PP....#...#..†..
....#........PPP....÷..#†.†#.....
....#######.......##'###...#.†...
..........#............#...#.....
#############..........#.†††.†..†


You could see 2 cane toads.

Vanquished Creatures
  2 two-headed ogres
  A tengu warrior (D:8)
  2 cyclopes
  An unseen horror (D:10)
  A queen bee (D:10)
  A meliai (shapeshifter) (D:8)
  Sigmund (D:2)
  A shadow (D:7)
  Grum (D:10)
  12 yaks
  2 wyverns
  2 steam dragons (D:8)
  An acid dragon (D:10)
  6 orc warriors
  An ice beast (D:7)
  6 sky beasts
  A necrophage (D:8)
  3 wolves (D:10)
  2 ogres
  2 centaurs
  A phantom (D:6)
  10 bullfrogs
  6 kobold brigands
  5 scorpions
  A wyvern skeleton (D:6)
  37 killer bees
  5 wights
  2 howler monkeys (D:9)
  An electric eel (D:9)
  A bullfrog zombie (D:6)
  2 centaur skeletons
  2 centaur zombies
  3 orc priests
  2 jellies
  A gnoll shaman (D:8)
  A bullfrog skeleton (D:5)
  An iron imp (D:4)
  Jessica (D:3)
  An iguana (D:6)
  9 orc wizards
  A hound zombie (D:5)
  10 gnolls
  11 adders
  A shadow imp (D:7)
  2 white imps
  3 adder skeletons
  A worm (D:2)
  2 dart slugs
  27 orcs
  7 ball pythons
  3 bats
  2 endoplasms
  3 giant cockroaches
  2 goblins
  13 hobgoblins
  4 jackals (D:1)
  31 kobolds
  2 quokkas
  6 frilled lizards
  5 rats
277 creatures vanquished.

Vanquished Creatures (collateral kills)
  A hydra (D:8)
  2 two-headed ogres
  The ghost of Vylera the Artisan of Death, a novice DsIE of Kikubaaqudgha (D:9)
  Joseph (D:8)
  A troll (D:8)
  A water moccasin (D:8)
  4 jellies (D:9)
11 creatures vanquished.

Vanquished Creatures (others)
  A demonic plant (D:2)
  3 fungi (D:10)
  27 plants
  3 withered plants (D:2)
34 creatures vanquished.

Grand Total: 322 creatures vanquished

Notes
Turn   | Place    | Note
-------+----------+-------------------------------------------
     0 | D:1      | Vomitron the Draconian Venom Mage began the quest for the
                  | Orb.
     0 | D:1      | Reached XP level 1. HP: 14/14 MP: 3/3
    93 | D:1      | Reached XP level 2. HP: 16/22 MP: 1/5
   321 | D:1      | Reached skill level 1 in Fighting
   811 | D:2      | Reached XP level 3. HP: 28/28 MP: 6/6
   893 | D:2      | Found a faded altar of an unknown god.
   905 | D:2      | Noticed Sigmund
  1026 | D:1      | Learned a level 2 spell: Poisonous Vapours
  1243 | D:2      | Found a stormy altar of Qazlal.
  1247 | D:2      | You fall into a shaft and drop 2 floors!
  1364 | D:4      | Noticed an ogre
  1384 | D:4      | Killed an ogre
  1385 | D:4      | Reached skill level 2 in Fighting
  1385 | D:4      | Reached XP level 4. HP: 37/37 MP: 1/8
  1385 | D:4      | Reached XP level 5. HP: 42/42 MP: 1/9
  1547 | D:4      | Found a snail-covered altar of Cheibriados.
  1620 | D:4      | Learned a level 4 spell: Olgreb's Toxic Radiance
  1640 | D:4      | Reached skill level 5 in Poison Magic
  2012 | D:4      | Reached skill level 3 in Fighting
  2082 | D:4      | Reached XP level 6. HP: 51/51 MP: 4/11
  2521 | D:2      | Killed Sigmund
  2522 | D:2      | Your scales start taking on an icy white colour.
  2522 | D:2      | Reached XP level 7. HP: 58/58 MP: 1/12
  2522 | D:2      | Gained mutation: Your flesh is cold resistant. (rC+) [White
                  | Draconian growth]
  2728 | D:3      | Noticed Jessica
  2735 | D:3      | Killed Jessica
  2766 | D:3      | Reached skill level 4 in Fighting
  2879 | D:3      | Found a sparkling altar of Nemelex Xobeh.
  3560 | D:4      | You fall into a shaft and drop 2 floors!
  3566 | D:6      | Found a staircase to the Ecumenical Temple.
  3572 | Temple   | Entered the Ecumenical Temple
  3622 | Temple   | Became a worshipper of Dithmenos the Shadowed
  3654 | D:6      | Reached skill level 1 in Air Magic
  4332 | D:5      | Entered Level 5 of the Dungeon
  4341 | D:5      | Reached XP level 8. HP: 56/67 MP: 10/14
  4630 | D:5      | Found a runed translucent door.
  4662 | D:5      | Noticed DemonSlayer's ghost (novice HuBe)
  5077 | D:5      | Reached skill level 5 in Fighting
  5466 | D:6      | Learned a level 3 spell: Call Canine Familiar
  5501 | D:6      | Reached skill level 5 in Spellcasting
  5732 | D:6      | Reached skill level 1 in Summonings
  5997 | D:6      | Reached * piety under Dithmenos
  6275 | D:6      | Found Cegen's Antique Armour Boutique.
  6278 | D:6      | Bought a glowing cloak for 202 gold pieces
  6460 | D:7      | Reached XP level 9. HP: 75/75 MP: 9/17
  6600 | D:7      | Reached skill level 6 in Fighting
  7191 | D:7      | Noticed a cyclops
  7219 | D:7      | Killed a cyclops
  7220 | D:7      | Reached skill level 5 in Stealth
  7387 | D:7      | Learned a level 4 spell: Summon Ice Beast
  7396 | D:7      | Found a shimmering altar of Xom.
  7451 | D:7      | Reached skill level 5 in Dodging
  7571 | D:7      | Reached skill level 1 in Ice Magic
  8014 | D:7      | Reached skill level 7 in Fighting
  8293 | D:8      | Reached XP level 10. HP: 79/81 MP: 12/19
  8305 | D:8      | Reached ** piety under Dithmenos
  8496 | D:8      | Noticed a six-headed hydra
  8670 | D:8      | Noticed a tengu warrior
  8964 | D:8      | HP: 4/86 [tengu warrior/+0 great mace (5)]
  8994 | D:8      | Killed a tengu warrior
  9613 | D:8      | Noticed a cyclops
  9624 | D:8      | Killed a cyclops
  9625 | D:8      | Reached skill level 5 in Summonings
  9892 | D:8      | Noticed Joseph
 10204 | D:8      | Killed a six-headed hydra
 10366 | D:8      | Reached skill level 8 in Fighting
 10902 | D:7      | Learned a level 4 spell: Summon Lightning Spire
 10943 | D:8      | Killed Joseph
 11377 | D:9      | Reached skill level 5 in Ice Magic
 11691 | D:9      | Found a viscous altar of Jiyva.
 11709 | D:9      | Reached XP level 11. HP: 95/95 MP: 12/22
 12139 | D:9      | Noticed a two-headed ogre
 12161 | D:9      | Killed a two-headed ogre
 12328 | D:9      | Found a large runed translucent door.
 12328 | D:9      | Found a large runed translucent door.
 12331 | D:9      | Noticed Vylera's ghost (novice DsIE)
 12390 | D:9      | Noticed a two-headed ogre
 12407 | D:9      | Killed a two-headed ogre
 12407 | D:9      | Reached *** piety under Dithmenos
 12493 | D:9      | Identified the Incunabulum of the Frostbite and Envenoming
 12720 | D:9      | Killed Vylera's ghost
 12848 | D:10     | Entered Level 10 of the Dungeon
 12863 | D:10     | Noticed a two-headed ogre
 12872 | D:10     | Killed a two-headed ogre
 13262 | D:10     | Reached skill level 9 in Fighting
 13779 | D:10     | Found a staircase to the Orcish Mines.
 13812 | D:10     | Noticed a two-headed ogre
 13829 | D:10     | Killed a two-headed ogre
 14026 | D:10     | Noticed Grum
 14039 | D:10     | Reached **** piety under Dithmenos
 14040 | D:10     | Killed Grum
 14362 | D:10     | Found a shimmering blue altar of Sif Muna.
 14460 | D:10     | Found a staircase to the Lair.
 14559 | Lair:1   | Entered Level 1 of the Lair of Beasts
 14560 | Lair:1   | Identified the +4 dagger of Peril {venom, rN+}
 14585 | D:10     | HP: 2/97 [poisoned by a cane toad]
 14585 | D:10     | Mangled by a cane toad

Illustrated notes

Levels and vault maps discovered:
D:1:      lightli_iron_boxes, layout_basic, nrook_loot_triangle
D:2:      layout_basic, shapermc_ecumenical_altar_gd, basic_altar, uniq_sigmund
D:3:      layout_rooms, nemelex_xobeh_ov_fountains_minmay,
          hangedman_decor_points, minmay_crystal_water, uniq_jessica
D:4:      layout_loops_corners, slow_altar_1
D:5:      layout_cave_pools, ebering_ghost_reflecting_pool,
          guppyfry_early_orc_mine
D:6:      layout_loops_ring, minmay_temple_entry_nine_rooms, serial_shops,
          kennysheep_mini
D:7:      layout_cave_pools, xom_teletrap_fun, kennysheep_dice
D:8:      layout_gridville, minmay_shattered_shrine, uniq_joseph
D:9:      layout_basic, ebering_ghost_disaster_area, jiyva_altar_1
D:10:     layout_grid_maze, nicolae_overflow_hidden_temple,
          grunt_lair_entry_orc_guard_hut, special_room [special_room_bee],
          uniq_grum
Temple:   eino_narrow_crystal_temple
Lair:1:   layout_loops_ring, st_stairs_4, minivault_11

Skill      XL: |  1  2  3  4  5  6  7  8  9 10 11 |
---------------+----------------------------------+-----
Fighting       | 1 2 3 4 5 7 8 9 |  9.5
Poison Magic   | 4 5 6 7 |  7.0
Spellcasting   | 3 4 5 6 7 8 |  8.4
Dodging        | 2 4 5 |  5.0
Air Magic      | 1 |  1.0
Stealth        | 2 4 5 6 8 |  8.1
Summonings     | 2 4 5 7 |  7.2
Ice Magic      | 2 5 7 |  7.2
Transmutations | |  1.0

Action                   |  1- 3 |  4- 6 |  7- 9 | 10-12 || total
-------------------------+-------+-------+-------+-------++-------
Melee: Unarmed           |     7 |       |       |       ||     7
       Short sword       |    36 |    30 |   173 |   120 ||   359
       Staff             |     6 |       |       |       ||     6
       Tailslap          |     6 |     3 |    21 |    11 ||    41
       Rapier            |       |       |    63 |    18 ||    81
 Cast: Sting             |    20 |     6 |    29 |    13 ||    68
       Poisonous Vapours |     5 |    11 |    53 |    53 ||   122
       Olgreb's Toxic Ra |       |     3 |    17 |    26 ||    46
       Summon Ice Beast  |       |       |     1 |    37 ||    38
       Call Canine Famil |       |       |     1 |     4 ||     5
 Abil: Breathe Frost     |       |       |     6 |     5 ||    11
  Use: Scroll            |       |       |     8 |     2 ||    10
       Potion            |       |       |       |     3 ||     3
 Stab: Sleeping          |     2 |       |     3 |     5 ||    10
       Distracted        |       |       |       |     2 ||     2
Armor: Skin              |    22 |    13 |    72 |    79 ||   186
Dodge: Dodged            |    32 |    16 |   162 |   188 ||   398

Table legend: (Time is in decaauts)
 A = Elapsed time spent in this place.
 B = Non-inter-level travel time spent in this place.
 C = Inter-level travel time spent in this place.
 D = Time resting spent in this place.
 E = Time spent auto-exploring this place.
 F = Levels seen in this place.
 G = Mean time per level.
                   A        B        C        D        E       F      G
               +--------+--------+--------+--------+--------+-----+--------+
         Total |  14647 |  14238 |    409 |   5246 |   6486 |  12 | 1220.6 |
       Dungeon |  14566 |  14157 |    409 |   5246 |   6486 |  10 | 1456.6 |
        Temple |     58 |     58 |      0 |      0 |      0 |   1 |   58.0 |
          Lair |     21 |     21 |      0 |      0 |      0 |   1 |   21.0 |
               +--------+--------+--------+--------+--------+-----+--------+

Top non-repeatable levels by time:
     D:8: 2766 daAuts
     D:7: 2096 daAuts
     D:6: 1789 daAuts
    D:10: 1719 daAuts
     D:4: 1541 daAuts
     D:9: 1510 daAuts
     D:5: 947 daAuts
     D:1: 889 daAuts
     D:2: 745 daAuts
     D:3: 559 daAuts
  Temple: 58 daAuts
  Lair:1: 21 daAuts
